 Dungeon Crawl Stone Soup version 0.22-a0-605-g9281fa2 (webtiles) character file.

65 Alphaeus the Digger (level 3, -7/33 HPs)
             Began as a Troll Earth Elementalist on July 7, 2018.
             Mangled by a gnoll
             ... wielding a +0 flail
              (13 damage)
             ... on level 3 of the Dungeon.
             The game lasted 00:01:20 (1591 turns).

Alphaeus the Digger (Troll Earth Elementalist)      Turns: 1591, Time: 00:01:20

Health: -7/33      AC:  5    Str: 16    XL:     3   Next: 94%
Magic:  3/3        EV: 10    Int: 12    God:
Gold:   75         SH:  0    Dex: 13    Spells: 3/4 levels left

rFire    . . .     SeeInvis .     - Unarmed
rCold    + . .     Gourm    +   (no shield)
rNeg     . . .     Faith    .   c - +0 robe
rPois    .         Spirit   .   (helmet restricted)
rElec    .         Reflect  .   (no cloak)
rCorr    .         Harm     .   (gloves unavailable)
MR       .....                  (boots unavailable)
Stlth    ++........             (no amulet)
HPRegen  0.51/turn              a - ring of protection from cold
MPRegen  0.08/turn              m - +3 ring of dexterity

@: no status effects
A: large, unfitting armour, claws 3, fast metabolism 3, gourmand, regeneration
1, shaggy fur 1, tough skin 2
a: no special abilities


You were on level 3 of the Dungeon.
You were completely stuffed.

You visited 1 branch of the dungeon, and saw 3 of its levels.

You collected 75 gold pieces.

Inventory:

Missiles
 b - 191 stones (quivered)
Armour
 c - a +0 robe (worn)
Jewellery
 a - a ring of protection from cold (left claw)
 m - a +3 ring of dexterity (right claw)
Scrolls
 i - 2 scrolls of random uselessness {unknown}
 l - a scroll of identify {unknown}
 p - a scroll of enchant armour {unknown}
Potions
 e - a potion of degeneration {unknown}
 f - a potion of might {unknown}
 g - a potion of haste {unknown}
 h - a potion of heal wounds {unknown}
 k - a potion of curing {unknown}
 n - a potion of resistance {unknown}
 o - a potion of ambrosia {unknown}
 q - a potion of magic {unknown}
Comestibles
 d - 5 rations
 j - 7 chunks of flesh


   Skills:
 * Level 1.5 Fighting
 * Level 2.4 Dodging
 - Level 1.0 Stealth
 * Level 1.9 Unarmed Combat
 - Level 1.2 Spellcasting
   Level 0.6 Transmutations
 - Level 2.6 Earth Magic


You had 3 spell levels left.
You knew the following spells:

 Your Spells              Type           Power        Failure   Level  Hunger
a - Sandblast             Erth           #.....       10%         1    ##.....

Your spell library contained the following spells:

 Spells                   Type           Power        Failure   Level  Hunger
 Stone Arrow              Conj/Erth      #.....       45%         3    ####...
 Passwall                 Tmut/Erth      #.......     22%         2    ###....
 Lee's Rapid Deconstruct  Erth           #.........   95%         5    ######.
 Petrify                  Tmut/Erth      #.......     83%         4    #####..


Dungeon Overview and Level Annotations

Branches:
Dungeon (3/15)

Altars:
Hepliaklqana
Okawaru
Sif Muna


Innate Abilities, Weirdness & Mutations

You are too large for most types of armour.
You have claws for hands.
Your metabolism is lightning-fast.
You like to eat raw meat.
Your natural rate of healing is unusually fast.
You are covered in fur. (AC +1)
You have very tough skin. (AC +2)


Message History

The gnoll is almost dead.
The gnoll hits you with a spear.
You claw the gnoll!
You kill the gnoll!
You claw the gnoll!
The gnoll is severely wounded.
The gnoll hits you with a flail.
You scratch the gnoll.
The gnoll is almost dead.
The gnoll closely misses you.
You barely miss the gnoll.
The gnoll is almost dead.
The gnoll hits you with a flail!
* * * LOW HITPOINT WARNING * * *
You closely miss the gnoll.
The gnoll is almost dead.
You barely miss the gnoll.
The gnoll is almost dead.
The gnoll hits you with a flail!
You die...

.≈≈....≈.≈. ...........
...... ........... ....
.##.....[.. ....
..###..... ... #.##...##
#.. #....#.# #.#
....>#.# #g#
####...#########@####...
........................
######)#.######..###....
#)#.#####..## >.
#.#...##..##
#.###....##...
######.####......)..
.............###..##
######..#######...#


You could see a gnoll.

Vanquished Creatures
  A gnoll (D:3)
  2 adders (D:2)
  A dart slug (D:3)
  A leopard gecko (D:2)
  4 giant cockroaches
  3 goblins (D:3)
  2 hobgoblins (D:2)
  6 jackals (D:2)
  A ball python (D:3)
  5 bats
  3 frilled lizards
  5 kobolds
  2 rats
36 creatures vanquished.

Notes
Turn   | Place    | Note
-------+----------+-------------------------------------------
     0 | D:1      | Alphaeus the Troll Earth Elementalist began the quest for the Orb.
     0 | D:1      | Reached XP level 1. HP: 16/16 MP: 1/1
   585 | D:2      | Reached skill level 1 in Unarmed Combat
   585 | D:2      | Reached XP level 2. HP: 24/26 MP: 2/2
   801 | D:2      | Reached skill level 1 in Fighting
   930 | D:2      | Found a faded altar of an unknown god.
   948 | D:2      | Reached XP level 3. HP: 33/33 MP: 3/3
  1146 | D:2      | Found a deep blue altar of Sif Muna.
  1157 | D:2      | Found an iron altar of Okawaru.
  1399 | D:3      | Found a hazy altar of Hepliaklqana.
  1591 | D:3      | Mangled by a gnoll

Vault maps used:
D:1:      lemuel_arrival_behind_the_door_small, glass_columns_a,
          hangedman_decor_points
D:2:      minitemple, chequers_ecumenical_altar_simple
D:3:      minmay_goblin_kobold_castle,
          grunt_temple_overflow_lords_of_destruction, lemuel_doored_altar

Skill      XL: |  1  2 |
---------------+-------+-----
Unarmed Combat | 1 |  1.9
Dodging        | 2 |  2.4
Fighting       | 1 |  1.5
Stealth        | |  1.0
Spellcasting   | |  1.2
Transmutations | |  0.6
Earth Magic    | |  2.6

Action                   || total
-------------------------++-------
Melee: Unarmed           ||   106
 Stab: Sleeping          ||     3
  Eat: Chunk             ||    20
Armor: Robe              ||    49
Dodge: Dodged            ||    55

Table legend:
 A = Spawn XP
 B = Non-spawn XP
 C = Spawn XP percentage of total XP
 D = Spawn monster count
 E = Non-spawn monster count
 F = Spawn count percentage of total count
 G = Total turns spent on level
                    A         B        C        D         E        F      G
               +---------+---------+-------+---------+---------+-------+---------
         Total |       0 |      94 |   0.0 |       0 |      36 |   0.0 |  1591
               +---------+---------+-------+---------+---------+-------+---------
           D:1 |       0 |      10 |   0.0 |       0 |       7 |   0.0 |   580
           D:2 |       0 |      51 |   0.0 |       0 |      16 |   0.0 |   742
           D:3 |       0 |      33 |   0.0 |       0 |      13 |   0.0 |   269
               +---------+---------+-------+---------+---------+-------+---------
